 Dungeon Crawl Stone Soup version 0.26-b1-32-g5d43845318 (webtiles) character file.

Game seed: 8344548188512646574

882 saturdyl the Skirmisher (level 7, -1/97 (99) HPs)
             Began as a Minotaur Berserker on Jan 5, 2021.
             Was a Priest of Trog.
             Slain by a bullfrog (6 damage)
             ... on level 6 of the Dungeon.
             The game lasted 00:39:42 (4028 turns).

saturdyl the Skirmisher (Minotaur Berserker)        Turns: 4028, Time: 00:39:43

HP:   -1/97 (99)    AC:  7    Str: 23    XL:     7   Next: 76%
MP:   0/6           EV: 12    Int:  4    God:    Trog [***...]
Gold: 229           SH:  0    Dex: 10    Spells: 6/6 levels left

rFire    + . .     SeeInvis .   U - +3 mace
rCold    . . .     Faith    .   (no shield)
rNeg     . . .     Spirit   +   D - +0 ring mail
rPois    .         Reflect  .   (helmet restricted)
rElec    .         Harm     .   g - +0 cloak
rCorr    .         Rampage  .   (no gloves)
Will     .....                  (no boots)
Stlth    ..........             q - amulet of guardian spirit
HPRegen  0.26/turn              m - ring of protection from fire
MPRegen  0.10/turn              (no ring)

@: berserking, very slightly contaminated, lightly drained, invisible, very
quick
A: retaliatory headbutt, horns 2
a: Renounce Religion, Berserk, Trog's Hand


You were on level 6 of the Dungeon.
You worshipped Trog.
Trog was most pleased with you.
You visited 1 branch of the dungeon, and saw 6 of its levels.

You collected 229 gold pieces.

Inventory:

Hand Weapons
 a - a +0 hand axe
 f - a +0 club
 r - a -2 spear
 v - a +0 whip of flaming
 I - a +0 falchion
 M - a +0 battleaxe
 P - a +0 scythe
 U - a +3 mace (weapon)
Missiles
 t - 5 javelins
 u - 139 stones
 A - 4 boomerangs
Armour
 b - a +0 animal skin
 g - a +0 cloak (worn)
 i - a +0 leather armour
 w - a +0 robe
 x - a +2 kite shield
 z - a +0 robe
 D - a +0 ring mail (worn)
 F - a +0 leather armour
 K - a cursed +0 leather armour
Magical Staves
 O - an uncursed staff of air
Jewellery
 m - a ring of protection from fire (left hand)
 q - an amulet of guardian spirit (around neck)
 R - a cursed -4 ring of dexterity {unknown}
Wands
 L - a wand of iceblast (10)
 S - a wand of flame (27)
Scrolls
 e - 5 scrolls of identify
 h - a scroll of immolation {unknown}
 j - 3 scrolls of enchant armour {unknown}
 l - 2 scrolls of teleportation {unknown}
 p - 5 scrolls of remove curse
 y - 2 scrolls of fog {unknown}
 C - a scroll of fear {unknown}
 N - a scroll of blinking {unknown}
Potions
 c - a potion of resistance {unknown}
 d - a potion of degeneration {unknown}
 k - a potion of might {unknown}
 n - 5 potions of berserk rage {unknown}
 o - 4 potions of attraction {unknown}
 s - a potion of heal wounds {unknown}
 B - 2 potions of lignification {unknown}
 E - 3 potions of ambrosia {unknown}
 G - a potion of mutation {unknown}
 J - a potion of curing {unknown}
 Q - a potion of flight {unknown}
 T - a potion of cancellation {unknown}


   Skills:
 + Level 7.4 Fighting
 - Level 5.2 Axes
 - Level 0.2(3.1) Maces & Flails
 - Level 0.1(3.1) Polearms
 - Level 0.4 Throwing
 + Level 7.2 Armour
 - Level 3.1 Dodging
 - Level 0.5 Stealth


You had 6 spell levels left.
You didn't know any spells.
Your spell library contained the following spells:

 Spells                   Type           Power        Failure   Level
 Animate Skeleton         Necr           0%           63%         1
 Apportation              Tloc           0%           63%         1
 Corona                   Hex            0%           63%         1
 Summon Small Mammal      Summ           0%           63%         1


Dungeon Overview and Level Annotations

Branches:
Dungeon (6/15)             Temple (0/1) D:6

Altars:
Ashenzari
Nemelex Xobeh
Okawaru
Ru


Innate Abilities, Weirdness & Mutations

You reflexively headbutt those who attack you in melee.
You have a pair of horns on your head.


Message History

The bullfrog closely misses you.
You sock the bullfrog! Your headbutt misses the bullfrog.
The bullfrog is heavily wounded.
You recover from your berserk rage.
The bullfrog barely misses you.
The bullfrog hits you but does no damage.
You closely miss the bullfrog. Your headbutt misses the bullfrog.
The bullfrog is heavily wounded.
The bullfrog closely misses you.
The orc warrior hits you from afar with a +0 trident.
The bullfrog misses you.
The orc warrior hits you from afar with a +0 trident!!
* * * LOW HITPOINT WARNING * * *
Fire/throw which item? (* to show all) (? for menu, Esc to quit)
Okay, then.
A red film seems to cover your vision as you go berserk!
You feel yourself moving faster!
You feel mighty! The bullfrog hits you.
* * * LOW HITPOINT WARNING * * *
The bullfrog hits you!
You die...

F...$..###...........(
...###..........##....
## ............## ####
#####.oo....#
###.##### #.o#
##o######
...#####......#
#....F@......#
#######......#
#....:.# ########


You could see an orc warrior, a bullfrog and an orc.

Vanquished Creatures
  Sigmund (D:5)
  A phantom (D:5)
  A centaur (D:5)
  A water moccasin zombie (D:6)
  A wight (D:6)
  2 centaur skeletons
  2 hounds
  Jessica (D:2)
  An iguana (D:4)
  2 worker ants
  Robin (D:2)
  4 gnolls (D:2)
  A howler monkey skeleton (D:4)
  6 adders
  2 white imps
  An ufetubus (D:5)
  4 worms
  An adder skeleton (D:6)
  A dart slug (D:2)
  2 leopard geckos
  An orc (D:4)
  6 giant cockroaches
  16 goblins
  7 hobgoblins
  16 jackals
  2 quokkas
  6 bats
  5 frilled lizards
  11 kobolds
  A leopard gecko zombie (D:5)
  10 rats
117 creatures vanquished.

Notes
Turn   | Place    | Note
-------+----------+-------------------------------------------
     0 | D:1      | saturdyl the Minotaur Berserker began the quest for the
                  | Orb.
     0 | D:1      | Reached XP level 1. HP: 19/19 MP: 0/0
   176 | D:1      | Reached XP level 2. HP: 19/27 MP: 1/1
   689 | D:1      | Reached ** piety under Trog
  1079 | D:2      | Reached XP level 3. HP: 28/33 MP: 2/2
  1228 | D:2      | Found a sacrificial altar of Ru.
  1229 | D:2      | Noticed Robin
  1249 | D:2      | Killed Robin
  1358 | D:2      | Reached XP level 4. HP: 41/41 MP: 3/3
  1363 | D:2      | Reached skill level 5 in Axes
  1568 | D:2      | Noticed Jessica
  1627 | D:2      | Killed Jessica
  1665 | D:2      | Reached XP level 5. HP: 43/47 MP: 4/4
  2346 | D:3      | Reached skill level 5 in Fighting
  2397 | D:3      | Reached *** piety under Trog
  2756 | D:4      | Found an iron altar of Okawaru.
  2762 | D:4      | Reached XP level 6. HP: 49/56 MP: 5/5
  2825 | D:4      | Found a broken altar of Ashenzari.
  2928 | D:4      | Found a sparkling altar of Nemelex Xobeh.
  3209 | D:5      | Entered Level 5 of the Dungeon
  3209 | D:5      | Noticed Sigmund
  3218 | D:5      | Killed Sigmund
  3219 | D:5      | Reached skill level 5 in Armour
  3325 | D:5      | Reached XP level 7. HP: 64/64 MP: 6/6
  3964 | D:6      | Found a staircase to the Ecumenical Temple.
  4028 | D:6      | Slain by a bullfrog

Illustrated notes

Levels and vault maps discovered:
D:1:      onia_arrival_mini_spirals, layout_basic
D:2:      kennysheep_six_static_rooms, layout_basic, kennysheep_donut,
          nicolae_ru_great_annihilating_truth, uniq_robin, uniq_jessica
D:3:      layout_rooms
D:4:      layout_rooms, lemuel_crystal_altar, nemelex_altar_shiori,
          okawaru_gym_becter
D:5:      layout_rooms, uniq_sigmund
D:6:      layout_rooms, minmay_temple_entry_statues_fountains, corexii_shack,
          bloody_trog

Skill      XL: |  1  2  3  4  5  6  7 |
---------------+----------------------+-----
Axes           | 4 5 |  5.2
Fighting       | 4 5 6 7 |  7.4
Dodging        | 3 |  3.1
Armour         | 4 5 7 |  7.2
Maces & Flails | |  0.2
Polearms       | |  0.1
Throwing       | |  0.4
Stealth        | |  0.5

Action                   |  1- 3 |  4- 6 |  7- 9 || total
-------------------------+-------+-------+-------++-------
Melee: Hand axe          |    66 |       |       ||    66
       Headbutt          |    12 |    26 |     7 ||    45
       Club              |    14 |     4 |       ||    18
       Spear             |     5 |       |       ||     5
       Whip              |       |   125 |    67 ||   192
       Mace              |       |       |     2 ||     2
Throw: Stone             |    17 |     5 |       ||    22
       Javelin           |     1 |       |       ||     1
       Boomerang         |       |     1 |       ||     1
Invok: Berserk           |     7 |     3 |     2 ||    12
  Use: Scroll            |     3 |       |       ||     3
       Potion            |       |       |     2 ||     2
 Stab: Paralysed         |     1 |       |       ||     1
       Sleeping          |       |     1 |       ||     1
Armor: Animal skin       |    11 |       |       ||    11
       Leather armour    |    22 |     5 |       ||    27
       Ring mail         |       |    34 |    21 ||    55
       Robe              |       |     3 |       ||     3
Dodge: Dodged            |    54 |    74 |    52 ||   180
